[Event "*** Titled Tuesday Blitz"]
[Site "Chess.com"]
[Date "2020.05.05"]
[Round "3"]
[White "Leo_C"]
[Black "11kevin"]
[Result "0-1"]
[WhiteElo "2291"]
[BlackElo "2523"]
[TimeControl "180+1"]
[EndTime "10:29:20 PDT"]
[Termination "11kevin won by resignation"]

1. d4 Nf6 2. c4 e6 3. Nc3 Bb4 4. Qc2 O-O 5. Nf3 d5 6. cxd5 exd5 7. Bf4 c5 8. dxc5 d4 9. O-O-O Nc6 10. e3 Bxc5 11. exd4 Nxd4 12. Nxd4 Bxd4 13. Ne2 Bf5 14.
Rxd4 Bxc2 15. Rxd8 Rfxd8 16. Kxc2 Ne4 17. Be3 f5 18. Nc3 f4 19. Bc4+ Kh8 20. Nxe4 fxe3 21. fxe3 Rac8 22. Kb3 b5 23. Bxb5 Rb8 24. Ka4 a6 25.
Bxa6 Rxb2 26. Nc3 Ra8 27. Ka5 Rc2 28. Nb5 Rxa2+ 29. Kb6 R8xa6+ 30. Kc5 R6a5 31. Rf1 Kg8 32. Kc6 Rxg2 33. Nd6 Rg6 34. Kc7 Rc5+ 35. Kb6 Rd5 0-1

[Event "*** Titled Tuesday Blitz"]
[Site "Chess.com"]
[Date "2020.05.05"]
[Round "3"]
[White "ehrenfeld"]
[Black "barbara25"]
[Result "0-1"]
[WhiteElo "2488"]
[BlackElo "2228"]
[TimeControl "180+1"]
[EndTime "10:29:20 PDT"]
[Termination "barbara25 won by resignation"]

1. e4 c5 2. d3 d6 3. f4 Nf6 4.
Nf3 e6 5. Be2 Be7 6. O-O O-O 7.
c3 Nc6 8. Kh1 e5 9. Na3 a6 10.
fxe5 dxe5 11. Nc4 Qc7 12. a4 Rb8 13. a5 Be6 14. Nfxe5 Nxe5 15. Nxe5 Bd6 16. Nf3 Rbd8 17. Qe1 c4 18. e5 Bxe5 19. Nxe5 Qxe5 20. dxc4 Rfe8 21. Bf4 Qe4 22. b3 Qg6 23. Qg3 Qxg3 24. Bxg3 Ne4 25. Be1 f5 26. Bf3 Bf7 27. g4 g6 28. gxf5 gxf5 29. Rg1+ Bg6 30. h4 Rd3 31. Bg2 Kf7 32. Ra2 Re7 33. Bf1 Re3 34. Re2 Rxe2 35. Bxe2 Nxc3 36. Bxc3 Rxe2 37. Re1 Rc2 38. Re3 f4 39.
Rh3 Bf5 0-1

[Event "*** Titled Tuesday Blitz"]
[Site "Chess.com"]
[Date "2020.05.05"]
[Round "3"]
[White "chito89"]
[Black "vlad_Sid"]
[Result "0-1"]
[WhiteElo "2781"]
[BlackElo "2614"]
[TimeControl "180+1"]
[EndTime "10:29:21 PDT"]
[Termination "vlad_Sid won by resignation"]

1. d4 Nf6 2. c4 c5 3. d5 b5 4.
cxb5 a6 5. e3 g6 6. Nc3 Bg7 7.
a4 O-O 8. e4 e6 9. dxe6 fxe6 10.
e5 Ne8 11. Nf3 Bb7 12. Be2 axb5 13. Nxb5 Nc6 14. Bg5 Qa5+ 15. Bd2 Qb6 16. Bc3 Nc7 17.
Qxd7 Rf7 18. Qd1 Nxb5 19. axb5 Rxa1 20. Qxa1 Nd4 21. Bxd4 cxd4 22. O-O d3 23. Bxd3 Bxf3 24. gxf3 Bxe5 25. Qa8+ Kg7 26. Qc6 Qd4 27. Qe4 Qd6 28. b6 Rf4 29. Qb7+ Rf7 30. Qe4 Rf4 31. Qe2 Rh4 32. Re1 Bc3 33. Qxe6 Qxh2+ 34. Kf1 Qh1+ 0-1

[Event "*** Titled Tuesday Blitz"]
[Site "Chess.com"]
[Date "2020.05.05"]
[Round "3"]
[White "Kobalia"]
[Black "FedaMaster"]
[Result "1-0"]
[WhiteElo "2749"]
[BlackElo "2532"]
[TimeControl "180+1"]
[EndTime "10:29:21 PDT"]
[Termination "Kobalia won by checkmate"]

1. e4 d5 2. exd5 Qxd5 3. d4 Nc6 4. Nf3 Bg4 5. Be2 O-O-O 6. Be3 Nf6 7. c4 Qf5 8. d5 Bxf3 9. Bxf3 Nb4 10. O-O Nc2 11.
Nc3 Nxe3 12. fxe3 Qe5 13. Qd4 Qxd4 14. exd4 e6 15. Rae1 exd5 16. Nxd5 Nxd5 17. Bxd5 c6 18. Bxf7 Rxd4 19. Re8+ Kc7 20. Be6 Rd8 21. Rf7+ Kb6 22. Rxd8 Bc5+ 23. Kf1 Rxd8 24. Rxg7 Rd2 25. Bc8 Ka5 26.
Rxb7 Rf2+ 27. Ke1 Rxg2 28. a3 Bb6 29. c5 Bd8 30. Be6 Bh4+ 31. Kf1 Rc2 32. b4+ Ka4 33. Rxa7+ Kb5 34. Ra5# 1-0

[Event "*** Titled Tuesday Blitz"]
[Site "Chess.com"]
[Date "2020.05.05"]
[Round "3"]
[White "FROGGY64"]
[Black "MITerryble"]
[Result "0-1"]
[WhiteElo "2456"]
[BlackElo "2828"]
[TimeControl "180+1"]
[EndTime "10:29:21 PDT"]
[Termination "MITerryble won by resignation"]

1. d4 e6 2. c4 Bb4+ 3. Bd2 Qe7 4.
g3 Nf6 5. Nf3 O-O 6. Bg2 Bxd2+ 7. Qxd2 d6 8. Nc3 e5 9. e3 Re8 10. O-O h6 11. dxe5 dxe5 12. e4 c6 13. Rfe1 Bg4 14.
Nh4 Nbd7 15. Nf5 Bxf5 16. exf5 Rad8 17. Qe2 Qb4 18. Rac1 Nc5 19. Rcd1 Rd4 20. a3 Qxc4 21. Qxc4 Rxc4 22. Re2 Rd4 23. Rde1 Nd3 24. Rb1 a5 25. h3 h5 26. Ne4 Nxe4 27. Rxe4 Red8 28. g4 hxg4 29.
hxg4 f6 30. b3 Nf4 31. Rbe1 Nxg2 32. Kxg2 Rxe4 33. Rxe4 Rd3 34. g5 Rxb3 35. gxf6 gxf6 36. Rg4+ Kf7 37. Rh4 b5 38. Rh7+ Kg8 39. Rc7 Rc3 40. Rc8+ Kg7 41. Ra8 a4 42. f3 Rxa3 43. Kg3 e4 44.
Kg4 exf3 45. Ra7+ Kh6 46. Rf7 f2 47. Rxf6+ Kg7 48. Rxc6 f1=Q 49. Kg5 Rg3+ 0-1

[Event "*** Titled Tuesday Blitz"]
[Site "Chess.com"]
[Date "2020.05.05"]
[Round "3"]
[White "kingofthenil"]
[Black "Gabrielian_Artur"]
[Result "0-1"]
[WhiteElo "2472"]
[BlackElo "2710"]
[TimeControl "180+1"]
[EndTime "10:29:22 PDT"]
[Termination "Gabrielian_Artur won by checkmate"]

1. d4 Nf6 2. c4 c5 3. d5 e6 4.
Nc3 exd5 5. cxd5 d6 6. e4 g6 7. Nge2 h5 8. Bg5 Bg7 9. Qd2 a6 10. a4 Qe7 11. f3 Nbd7 12. Nf4 Ne5 13. Be2 O-O 14. h4 Qc7 15. O-O-O b5 16. g4 b4 17. Nb1 hxg4 18. h5 gxf3 19. h6 Nxe4 20. Qe3 fxe2 21. Rdg1 e1=Q+ 22. Qxe1 Nxg5 23. hxg7 Kxg7 24. Qh4 Nef3 25.
Qh6+ Kf6 26. Qxf8 Qe7 27. Qh8+ Kf5 28. Nd3 Qe3+ 29. Kc2 Nd4+ 30. Kd1 Qe2+ 31. Kc1 Qc2# 0-1

[Event "*** Titled Tuesday Blitz"]
[Site "Chess.com"]
[Date "2020.05.05"]
[Round "3"]
[White "francyIM"]
[Black "DishonorOnYourCow"]
[Result "1-0"]
[WhiteElo "2650"]
[BlackElo "2330"]
[TimeControl "180+1"]
[EndTime "10:29:22 PDT"]
[Termination "francyIM won on time"]

1. d4 d5 2. c4 dxc4 3. e4 e5 4.
Nf3 Bb4+ 5. Nbd2 c3 6. bxc3 Bxc3 7. Rb1 exd4 8. Bb5+ c6 9. Bc4 Nf6 10. O-O O-O 11.
e5 Nd5 12. Ne4 Bg4 13. Rxb7 Nd7 14. Bxd5 cxd5 15. Nxc3 dxc3 16. Qxd5 Bxf3 17. Qxf3 Nxe5 18. Qxc3 Qd5 19. Re7 Rfe8 20. Rxe8+ Rxe8 21. Bb2 Qc4 22.
Re1 Qxc3 23. Bxc3 f6 24. f4 Rc8 25. Bxe5 fxe5 26. Rxe5 Rc2 27. Ra5 Rc7 28. Kf2 Re7 29. g4 g6 30. h4 Kf7 31. h5 Rb7 32. h6 Kf6 33. Kg3 Rc7 34. Kh4 Kf7 35. Ra6 Rb7 36.
a4 Rc7 37. a5 Rb7 38. Kg5 Rc7 39. Rf6+ Ke7 40. Rxg6 hxg6 41. h7 Rc8 42. Kxg6 Rh8 43. Kg7 Rxh7+ 44. Kxh7 1-0

[Event "*** Titled Tuesday Blitz"]
[Site "Chess.com"]
[Date "2020.05.05"]
[Round "3"]
[White "Susal_De_Silva"]
[Black "talman67"]
[Result "1-0"]
[WhiteElo "2244"]
[BlackElo "2541"]
[TimeControl "180+1"]
[EndTime "10:29:22 PDT"]
[Termination "Susal_De_Silva won by resignation"]

1. e4 e5 2. Nf3 Nc6 3. Bc4 Bc5 4. c3 Nf6 5. d3 d6 6. O-O a5 7. Nbd2 O-O 8. h3 a4 9. Bb5 Bd7 10. Bxa4 Rxa4 11. Qxa4 Nb4 12. Qd1 Nxd3 13. Nb3 Bxf2+ 14. Rxf2 Nxf2 15. Kxf2 Nxe4+ 16. Kg1 Bc6 17. Be3 f5 18. Na5 f4 19. Bf2 Nxf2 20. Kxf2 e4 21. Nxc6 bxc6 22. Nd4 Qh4+ 23. Kg1 f3 24. Qd2 Qg3 25. Qf2 Qg5 26. Re1 Qg6 27. Nxc6 Qe8 28. Nd4 d5 29. g4 c5 30. Nf5 Qe5 31. Rd1 Rd8 32. Qxc5 g6 33. Rxd5 f2+ 34. Kf1 Qe8 35. Rxd8 Qxd8 36. Qd5+ 1-0

[Event "*** Titled Tuesday Blitz"]
[Site "Chess.com"]
[Date "2020.05.05"]
[Round "3"]
[White "Piotrek1979"]
[Black "asimali1977"]
[Result "1-0"]
[WhiteElo "2276"]
[BlackElo "1954"]
[TimeControl "180+1"]
[EndTime "10:29:22 PDT"]
[Termination "Piotrek1979 won on time"]

1. Nf3 d6 2. d4 Qd7 3. e4 e5 4. dxe5 Nc6 5. exd6 Bxd6 6. Bb5 Nge7 7. O-O O-O 8. Nc3 Qg4 9. Be2 Qh5 10. Nd5 Bg4 11.
h3 Bxh3 12. gxh3 Qxh3 13. Nxe7+ Nxe7 14. e5 Bc5 15. Be3 Rad8 16. Qe1 Bxe3 17. fxe3 Nf5 18. Rf2 Nxe3 19. Rh2 Qg4+ 20. Kh1 Nf5 21. Rg2 Qh5+ 22. Kg1 Ne3 23. Rg5 Qh6 24. Qg3 Nxc2 25. Rf1 Ne3 26.
Rf2 g6 27. Rh2 Qg7 28. Nh4 Rd2 29. Qxe3 Rxb2 30. Nf5 Rb1+ 31. Kg2 Qh8 32. Nh6+ Kg7 33. Qf4 f5 34. exf6+ Rxf6 35. Qxc7+ 1-0

[Event "*** Titled Tuesday Blitz"]
[Site "Chess.com"]
[Date "2020.05.05"]
[Round "3"]
[White "HonzaVykouk"]
[Black "MPGM"]
[Result "0-1"]
[WhiteElo "2702"]
[BlackElo "2505"]
[TimeControl "180+1"]
[EndTime "10:29:23 PDT"]
[Termination "MPGM won by checkmate"]

1. e4 c6 2. Nf3 d5 3. Nc3 Bg4 4. h3 Bh5 5. g4 Bg6 6. exd5 cxd5 7. Bb5+ Nc6 8. Ne5 Rc8 9. d4 e6 10. h4 f6 11. Nxg6 hxg6 12. a3 Bd6 13. Be3 Kf7 14. Qd2 Nge7 15. f4 Na5 16. O-O-O Nc4 17. Bxc4 Rxc4 18. Rdg1 Qa5 19. Nb1 Qc7 20. c3 Rc6 21.
Qf2 b5 22. h5 gxh5 23. f5 exf5 24. gxf5 Qc8 25. Rf1 a5 26. Qf3 h4 27. Qg4 Bg3 28.
Rf3 b4 29. axb4 axb4 30. Bf2 bxc3 31. bxc3 Bxf2 32. Rxf2 Rxc3+ 33. Nxc3 Qxc3+ 34. Rc2 Qe3+ 35. Kd1 Ra8 36. Rc7 Ra1+ 37. Kc2 Ra2+ 38. Kb1 Qb3+ 39.
Kc1 Qb2+ 40. Kd1 Qd2# 0-1

[Event "*** Titled Tuesday Blitz"]
[Site "Chess.com"]
[Date "2020.05.05"]
[Round "3"]
[White "matiss90"]
[Black "LikeWater"]
[Result "0-1"]
[WhiteElo "2492"]
[BlackElo "2716"]
[TimeControl "180+1"]
[EndTime "10:29:23 PDT"]
[Termination "LikeWater won on time"]

1. e4 c5 2. Nf3 e6 3. d4 cxd4 4. Nxd4 Nc6 5. Nc3 Qc7 6. Be2 Nf6 7. O-O Be7 8. Kh1 O-O 9. f4 d6 10. Be3 Nxd4 11. Bxd4 e5 12. Be3 b6 13. Bd3 Bb7 14. Qf3 a6 15. Qh3 b5 16. Nd5 Bxd5 17. exd5 e4 18.
Be2 Qxc2 19. Rae1 Qxb2 20. g4 Nxd5 21. Bc1 Qc3 22. Qg2 Rfe8 23. Qxe4 Bh4 24. Qxd5 Bxe1 25. Qd1 Bh4 26. Bd2 Qd4 27. Bf3 Rac8 28. g5 Bf2 29. Bg4 Rc2 30. Ba5 Rxa2 31. Qxd4 Bxd4 32. Bc7 Ra1 0-1

[Event "*** Titled Tuesday Blitz"]
[Site "Chess.com"]
[Date "2020.05.05"]
[Round "3"]
[White "Kensei26"]
[Black "ZEN-22"]
[Result "0-1"]
[WhiteElo "2157"]
[BlackElo "2355"]
[TimeControl "180+1"]
[EndTime "10:29:23 PDT"]
[Termination "ZEN-22 won on time"]

1. e4 e5 2. Nf3 d5 3. Nxe5 Bd6 4. d4 dxe4 5. Bc4 Bxe5 6. Qh5 Qe7 7. Qxe5 Qxe5 8.
dxe5 Nc6 9. Bf4 Nge7 10. Bg3 Nf5 11. Nc3 Nxg3 12. hxg3 Nxe5 13. Bb5+ c6 14. Ba4 Bf5 15. O-O-O Rd8 16. Rde1 Rd4 17. Rh4 O-O 18. Nxe4 Rfd8 19. Bb3 Ng6 20. c3 Nxh4 21. cxd4 Nxg2 22. Re2 Rxd4 23.
Nd6 Be6 24. Bxe6 fxe6 25. Rxe6 g6 26. Nxb7 Kf7 27. Rxc6 Rd5 28. Nd6+ Ke7 29. Ne4 Re5 30. f3 Ne1 31. Rc7+ Kd8 32. Rxa7 Nxf3 33. Nf6 h5 34.
Rg7 Rc5+ 35. Kd1 Ne5 36. Rh7 Rc6 37. Nxh5 gxh5 38. Rxh5 Rd6+ 39. Kc2 Nd3 40. Rh8+ Kc7 41. a3 Ne1+ 42. Kb3 Rd3+ 43. Ka2 Rd7 44. Rh2 Nd3 45. Rc2+ Kb6 46. Rc3 Nc5 47. b4 Na4 48. Kb3 Nxc3 49. Kxc3 Rg7 0-1

[Event "*** Titled Tuesday Blitz"]
[Site "Chess.com"]
[Date "2020.05.05"]
[Round "3"]
[White "Chepaschess"]
[Black "Shuvalov"]
[Result "1-0"]
[WhiteElo "2733"]
[BlackElo "2437"]
[TimeControl "180+1"]
[EndTime "10:29:24 PDT"]
[Termination "Chepaschess won by checkmate"]

1. d4 d5 2. c4 c6 3. Nf3 Nf6 4. e3 Bf5 5. Nc3 e6 6. Nh4 Bg6 7. Qb3 Qc7 8. Nxg6 hxg6 9. g3 Nbd7 10. Bg2 Be7 11. O-O O-O 12. cxd5 exd5 13. f3 Qb6 14. Rd1 Rfe8 15. e4 Rad8 16. e5 Nh7 17. f4 Nhf8 18.
Be3 Ne6 19. Rac1 Qxb3 20. axb3 Nb8 21. Ra1 Na6 22. Bf1 Nec7 23. h4 Ra8 24. Rd2 Nb4 25.
Be2 Ne6 26. Kg2 Rec8 27. h5 gxh5 28. Bxh5 g6 29. Bf3 Kg7 30. g4 Rh8 31. f5 Bg5 32. f6+ Kf8 33. Bxg5 Nxg5 34. Be2 Ke8 35. Rh1 Kd7 36.
Rxh8 Rxh8 37. Bf1 Ne6 38. Kg3 g5 39. Ne2 Rh1 40. Kg2 Rh4 41. Kf3 Rh1 42. Ng3 Rh8 43. Nh5 Rh6 44. Kg3 Nf4 45. Nxf4 gxf4+ 46. Kxf4 Rh1 47.
Bg2 Rb1 48. g5 Ke6 49. Bh3# 1-0

[Event "*** Titled Tuesday Blitz"]
[Site "Chess.com"]
[Date "2020.05.05"]
[Round "3"]
[White "SketchyMoves"]
[Black "zmeeed67"]
[Result "1-0"]
[WhiteElo "2615"]
[BlackElo "2396"]
[TimeControl "180+1"]
[EndTime "10:29:24 PDT"]
[Termination "SketchyMoves won by resignation"]

1. b3 d5 2. Bb2 c5 3. Nf3 Nf6 4.
e3 g6 5. Bb5+ Bd7 6. Bxd7+ Nbxd7 7. O-O Bg7 8. c4 dxc4 9. bxc4 O-O 10. d3 Nb8 11. Nc3 Nc6 12. a3 e6 13. Qc2 Qe7 14.
Rab1 Rfd8 15. Rfd1 Rd7 16. Nd2 Rad8 17. Nde4 Ng4 18.
Na4 Bxb2 19. Qxb2 b6 20. h3 Nge5 21. f4 Nxd3 22. Nf6+ Kh8 23. Rxd3 Rxd3 24. Nd5+ Kg8 25. Nxe7+ Nxe7 26. Nc3 Rxe3 27. Kf1 Nf5 28. Re1 Red3 29.
Ne4 h5 30. Qf6 R8d4 31. Qe5 Ne3+ 32. Rxe3 Rxe3 33. Nf6+ Kg7 34. Nxh5+ Kf8 35. Qxe3 gxh5 36.
Qe5 Rxc4 37. Qxh5 Rxf4+ 38. Ke2 Re4+ 39. Kd3 Ra4 40. Qh6+ Ke7 41. Qc1 Rd4+ 42. Ke2 Re4+ 43. Kf3 Rd4 44. h4 c4 45. h5 b5 46. h6 Rd3+ 47.
Ke2 e5 48. h7 Rd8 49. Qg5+ 1-0

[Event "*** Titled Tuesday Blitz"]
[Site "Chess.com"]
[Date "2020.05.05"]
[Round "3"]
[White "Kopytkin"]
[Black "stoleriu"]
[Result "0-1"]
[WhiteElo "2357"]
[BlackElo "2563"]
[TimeControl "180+1"]
[EndTime "10:29:24 PDT"]
[Termination "stoleriu won on time"]

1. e4 e6 2. d4 d5 3. e5 c5 4.
c3 Nc6 5. Nf3 Bd7 6. Bd3 Qb6 7.
dxc5 Bxc5 8. O-O a5 9. Qe2 h6 10.
Nbd2 a4 11. b4 axb3 12. Nxb3 Ba3 13. Be3 Qc7 14. Bd2 Nge7 15. Nbd4 Nxd4 16. cxd4 Nc6 17. Rab1 O-O 18. g4 f6 19. exf6 Rxf6 20. g5 hxg5 21. Bxg5 Raf8 22. Bxf6 Rxf6 23. Ne5 Nxd4 24. Qh5 Qxe5 25.
Bh7+ Kf8 26. Qxe5 Nf3+ 27. Kg2 Nxe5 28. Rxb7 Ke7 29. Rfb1 Bd6 30. a4 Nc6 31. R1b6 Kd8 32. Bc2 Bc7 33. Ra6 Bc8 34. Rxc6 Bxb7 35. Rc3 d4+ 0-1

[Event "*** Titled Tuesday Blitz"]
[Site "Chess.com"]
[Date "2020.05.05"]
[Round "3"]
[White "EvgenyRomanov"]
[Black "eljanov"]
[Result "0-1"]
[WhiteElo "2643"]
[BlackElo "2943"]
[TimeControl "180+1"]
[EndTime "10:29:25 PDT"]
[Termination "eljanov won on time"]

1. d4 Nf6 2. Nf3 e6 3. Bg5 d5 4. e3 c5 5. Nbd2 Nbd7 6. c3 Bd6 7. Bd3 O-O 8. O-O h6 9. Bh4 b6 10. a4 Bb7 11. a5 e5 12. dxe5 Nxe5 13. Nxe5 Bxe5 14. Nf3 Bc7 15. a6 Bc6 16. b4 Rb8 17. b5 Ba8 18. c4 Qd6 19. Bg3 Qe7 20. Bh4 Rbd8 21. Qe2 g5 22. Bg3 Bxg3 23. hxg3 Ne4 24. Rac1 Rd6 25. Rfd1 Rfd8 26. Bxe4 Qxe4 27. Nd2 Qe6 28.
cxd5 Rxd5 29. f3 Qd7 30. Rc2 Rd3 31. Kf2 c4 32. g4 c3 33. Rxc3 Rxc3 34. Ne4 Qxd1 0-1

[Event "*** Titled Tuesday Blitz"]
[Site "Chess.com"]
[Date "2020.05.05"]
[Round "3"]
[White "GoValya"]
[Black "guillembaches"]
[Result "0-1"]
[WhiteElo "2166"]
[BlackElo "2427"]
[TimeControl "180+1"]
[EndTime "10:29:25 PDT"]
[Termination "guillembaches won by resignation"]

1. d4 Nf6 2. Nf3 e6 3. g3 c5 4. Bg2 cxd4 5. Nxd4 a6 6. c4 Qc7 7. b3 Be7 8. Bb2 O-O 9. O-O Nc6 10. Nd2 d6 11.
Rc1 Bd7 12. e3 Rfd8 13. Ne4 Ne5 14. h3 Nxe4 15. Bxe4 Ng6 16. b4 Bf6 17. Qb3 Rac8 18. Bg2 Ne5 19. c5 d5 20. a4 Nc4 21. Ba1 Nd2 22. Qd3 Nxf1 23. Bxf1 Bxa4 24. Qb1 Bxd4 25. Bxd4 e5 26. Ba1 Bc6 27. Bd3 h6 28. Qb2 Re8 29.
Bb1 Qe7 30. Qc2 g6 31. h4 h5 32.
Qe2 Rcd8 33. Rd1 d4 34. Ba2 Bd5 35. Bxd5 Rxd5 36. Qc4 Red8 37. exd4 exd4 38. Rxd4 Rxd4 39. Bxd4 Qe1+ 40. Kh2 Qe4 41. c6 bxc6 42. Qc5 Qxd4 0-1

[Event "*** Titled Tuesday Blitz"]
[Site "Chess.com"]
[Date "2020.05.05"]
[Round "3"]
[White "Arjun2002"]
[Black "Indianlad"]
[Result "0-1"]
[WhiteElo "2643"]
[BlackElo "2917"]
[TimeControl "180+1"]
[EndTime "10:29:26 PDT"]
[Termination "Indianlad won by resignation"]

1. e4 c6 2. d4 d5 3. e5 Bf5 4. h4 Qb6 5. Nc3 h5 6. Nge2 e6 7. Ng3 Bg6 8. Na4 Qa5+ 9. c3 Nd7 10. b4 Qc7 11. Bd3 Bxd3 12. Qxd3 a5 13. Nc5 axb4 14.
cxb4 b6 15. Nxd7 Bxb4+ 16. Bd2 Bxd2+ 17. Qxd2 Qxd7 18. O-O Ne7 19. a4 g6 20. Rfb1 Nc8 21.
Rc1 Ra7 22. Ra2 Rc7 23. Rac2 Ne7 24. Rb2 Rb7 25. Rcb1 Qd8 26. Qg5 Nc8 27. Qc1 Rc7 28.
Rc2 O-O 29. Rxc6 Rxc6 30. Qxc6 Qxh4 31. Rc1 Qg5 32. Rc2 h4 33. Nf1 h3 34. Ng3 hxg2 35. Kxg2 Kg7 36. Qb7 Ne7 37. Qxb6 Nf5 38. Qb4 Rh8 39.
Qd2 Qg4 40. Rc3 Qh3+ 41. Kg1 Nxg3 42. fxg3 Qh1+ 43. Kf2 Rh2+ 0-1

[Event "*** Titled Tuesday Blitz"]
[Site "Chess.com"]
[Date "2020.05.05"]
[Round "3"]
[White "CookiesAndIceCream"]
[Black "AleksanderHnydiuk"]
[Result "0-1"]
[WhiteElo "2353"]
[BlackElo "2554"]
[TimeControl "180+1"]
[EndTime "10:29:26 PDT"]
[Termination "AleksanderHnydiuk won by resignation"]

1. e4 c5 2. Nf3 e6 3. d4 cxd4 4. Nxd4 Nc6 5. Nc3 a6 6. Be3 Nf6 7. Qf3 Bb4 8. Nxc6 dxc6 9. Bd3 e5 10. Qg3 O-O 11. Qxe5 Re8 12. Qf4 Qe7 13. O-O Bxc3 14. bxc3 Nxe4 15. Rfe1 Nf6 16. Bd2 Be6 17. Re5 Nd7 18.
Rh5 h6 19. Re1 Qf6 20. Qg3 Kh8 21. h3 Bxa2 22. Re3 Rxe3 23. Qxe3 Be6 24. Qe4 Nf8 25.
Bf4 Rd8 26. Be5 Qg6 27. Qf3 f5 28. Kh2 Nh7 29. Rh4 Ng5 30. Qf4 Bd5 31. g3 Nf3+ 32.
Kg2 Nxh4+ 33. Kf1 Nf3 34. Bxf5 Qg5 35. Qd4 Nxd4 0-1

[Event "*** Titled Tuesday Blitz"]
[Site "Chess.com"]
[Date "2020.05.05"]
[Round "3"]
[White "Eloist"]
[Black "powermove"]
[Result "1-0"]
[WhiteElo "2243"]
[BlackElo "1637"]
[TimeControl "180+1"]
[EndTime "10:29:26 PDT"]
[Termination "Eloist won on time"]

1. e4 e5 2. Bc4 Nc6 3. Nf3 Nf6 4. d3 Bc5 5. O-O d6 6. c3 a6 7. Bb3 Ba7 8. Nbd2 O-O 9. h3 Qe7 10.
Re1 Nd8 11. d4 Nh5 12. Nc4 Nf4 13. dxe5 dxe5 14. Ncxe5 Nde6 15. Be3 Qf6 16. Ng4 Qg6 17. Nh4 Qh5 18. Bxe6 Bxe6 19. Bxf4 Qxh4 20. Be3 Bxg4 21. Qxg4 Qxg4 22. hxg4 Bxe3 23. Rxe3 Rad8 24. Rae1 Rd2 25. R3e2 Rfd8 26. f4 Kf8 27. Kf2 Ke7 28. g5 R8d3 29.
Rxd2 Rxd2+ 30. Re2 Rd1 31. Ke3 a5 32. g3 Rg1 33. Kf3 Rd1 34. Rh2 1-0

[Event "*** Titled Tuesday Blitz"]
[Site "Chess.com"]
[Date "2020.05.05"]
[Round "3"]
[White "K_A_S_T_O_R"]
[Black "zubridis"]
[Result "1-0"]
[WhiteElo "2780"]
[BlackElo "2448"]
[TimeControl "180+1"]
[EndTime "10:29:27 PDT"]
[Termination "K_A_S_T_O_R won on time"]

1. e4 c5 2. Nf3 Nc6 3. d4 cxd4 4. Nxd4 Nf6 5. Nc3 d6 6. Bg5 Bd7 7. Qd2 e6 8. Ndb5 Qa5 9. Bxf6 gxf6 10. Nxd6+ Bxd6 11. Qxd6 O-O-O 12. O-O-O Rhg8 13. Qf4 Qg5 14. Qxg5 fxg5 15. f3 Ne5 16. h4 h6 17. hxg5 hxg5 18. Bb5 a6 19. Bxd7+ Rxd7 20. Rxd7 Kxd7 21. b3 b5 22. a3 Ng6 23. Kd2 Nf4 24. g3 Ng6 25. Ne2 Ke7 26. Nd4 Rd8 27. Ke3 Rc8 28. Rh5 Kf6 29.
Kd3 Rd8 30. Kc3 Rc8+ 31. Kb2 Ne5 32. Rh6+ Kg7 33. Rh5 Kf6 34. Rh1 Ng6 35. c3 Ne5 36. f4 Nd3+ 37. Kc2 Nc5 38. e5+ Kg6 39. Re1 gxf4 40.
gxf4 a5 41. Rg1+ Kh7 42. Nxb5 a4 43. b4 Ne4 44. Rg2 Kh6 45. Kd3 1-0

[Event "*** Titled Tuesday Blitz"]
[Site "Chess.com"]
[Date "2020.05.05"]
[Round "3"]
[White "yarosavich"]
[Black "WPWPWP-2015"]
[Result "0-1"]
[WhiteElo "2701"]
[BlackElo "2446"]
[TimeControl "180+1"]
[EndTime "10:29:27 PDT"]
[Termination "WPWPWP-2015 won on time"]

1. d4 Nf6 2. c4 e6 3. Nf3 b6 4. Nc3 Bb4 5. Bg5 h6 6. Bh4 g5 7. Bg3 Ne4 8. Qc2 Bxc3+ 9. bxc3 Nxg3 10. hxg3 d5 11. cxd5 exd5 12. e3 Be6 13. c4 c6 14. Ne5 Kf8 15. Rc1 Qd6 16. cxd5 cxd5 17. Qc7 Qb4+ 18. Kd1 Kg7 19. Bd3 Na6 20. Qc3 Qa4+ 21.
Qb3 Qxb3+ 22. axb3 Nb4 23. Kd2 Rhc8 24. Bb5 a5 25.
Nf3 Rxc1 26. Rxc1 Rc8 27. Rxc8 Bxc8 28. Ne5 f6 29. Nf3 h5 30. Ne1 Ba6 31. Bxa6 Nxa6 32.
Nc2 Nc7 0-1

[Event "*** Titled Tuesday Blitz"]
[Site "Chess.com"]
[Date "2020.05.05"]
[Round "3"]
[White "Baronessa08"]
[Black "sergeikim"]
[Result "1-0"]
[WhiteElo "2476"]
[BlackElo "2476"]
[TimeControl "180+1"]
[EndTime "10:29:27 PDT"]
[Termination "Baronessa08 won by resignation"]

1. Nf3 Nf6 2. d4 g6 3. c4 Bg7 4.
g3 d6 5. Bg2 O-O 6. O-O Nbd7 7.
Nc3 e5 8. dxe5 dxe5 9. Qc2 Re8 10.
Rd1 c6 11. h3 Qe7 12. Be3 Nb6 13. b3 Bf5 14. Qb2 h6 15. a4 Qb4 16. Qc1 Qxb3 17. Nd2 Qb4 18. g4 Be6 19. Rb1 Qe7 20. Bxb6 axb6 21.
Rxb6 Bc8 22. Nde4 Rd8 23. c5 Rd4 24. Nd6 Qc7 25. Rxd4 exd4 26. Nce4 Nxe4 27. Bxe4 Rxa4 28. Qb1 d3 29. Qxd3 Ra1+ 30. Kg2 Ra2 31. Bxg6 fxg6 32. Qc4+ Kh7 33. Qxa2 Qd7 34. Nxc8 Qxc8 35. Qf7 h5 36.
Rxb7 1-0

[Event "*** Titled Tuesday Blitz"]
[Site "Chess.com"]
[Date "2020.05.05"]
[Round "3"]
[White "Dumbo32"]
[Black "RubensCezila"]
[Result "1-0"]
[WhiteElo "2347"]
[BlackElo "2468"]
[TimeControl "180+1"]
[EndTime "10:29:27 PDT"]
[Termination "Dumbo32 won by resignation"]

1. e4 c6 2. d4 d5 3. Nc3 dxe4 4. Nxe4 Nf6 5. Nxf6+ exf6 6. Ne2 Bd6 7. Ng3 O-O 8.
Be2 Re8 9. O-O Nd7 10. c4 Nf8 11. b3 Ng6 12. Bb2 Nf4 13. Bf3 a5 14. a3 Qc7 15.
Qd2 Bd7 16. Rfe1 Ng6 17. Rxe8+ Rxe8 18. Re1 Nh4 19. Bd1 c5 20. dxc5 Bxc5 21. Ne4 Bf8 22. Bxf6 Rxe4 23. Rxe4 Nxg2 24. Bb2 Bf5 25. Re5 Nh4 26.
Qf4 Qd8 27. Rd5 Qe7 28. Re5 Qd8 29. Be2 Bg6 30. Rg5 Be7 31. Rd5 Qc8 32. Qd4 Bf6 33.
Qd2 Qe8 34. Bxf6 1-0

[Event "*** Titled Tuesday Blitz"]
[Site "Chess.com"]
[Date "2020.05.05"]
[Round "3"]
[White "IriBu"]
[Black "pgradalski"]
[Result "1-0"]
[WhiteElo "2456"]
[BlackElo "2205"]
[TimeControl "180+1"]
[EndTime "10:29:27 PDT"]
[Termination "IriBu won on time"]

1. e4 e6 2. d4 d5 3. Nc3 Nc6 4. Nf3 Nf6 5. e5 Nd7 6. Bb5 f6 7. exf6 Qxf6 8. O-O Bd6 9. Ne2 O-O 10. Ng3 a6 11.
Bd3 g6 12. c3 e5 13. Bg5 Qf7 14. dxe5 Ndxe5 15. Nxe5 Nxe5 16. Bc2 Bd7 17. Kh1 Kg7 18. f4 Ng4 19. h3 Nf6 20. Qf3 Bc6 21. f5 d4 22. Ne4 Nxe4 23. Bxe4 Bxe4 24. Qxe4 gxf5 25.
Qxd4+ Kg8 26. Bh6 Rfe8 27. Rf2 Re4 28. Qd3 Rae8 29. Raf1 Qg6 30. Bf4 Bxf4 31. Rxf4 Rxf4 32. Rxf4 Re1+ 33. Kh2 Qd6 34. Qg3+ Kh8 35. Rf2 Qxg3+ 36. Kxg3 Ra1 37. a3 Kg7 38. Rxf5 Rb1 39. Rf2 Kg6 40. Kg4 b6 41. h4 a5 42. h5+ Kg7 43. Kg5 h6+ 44. Kf5 1-0

[Event "*** Titled Tuesday Blitz"]
[Site "Chess.com"]
[Date "2020.05.05"]
[Round "3"]
[White "Oleksandr_Bortnyk"]
[Black "GasconJR"]
[Result "1-0"]
[WhiteElo "2992"]
[BlackElo "2597"]
[TimeControl "180+1"]
[EndTime "10:29:28 PDT"]
[Termination "Oleksandr_Bortnyk won by checkmate"]

1. e4 c5 2. Be2 Nc6 3. d3 e6 4. f4 d5 5. Nf3 Nf6 6. e5 Nd7 7.
c3 b5 8. O-O a5 9. Be3 Ba6 10.
d4 b4 11. Bxa6 Rxa6 12. f5 Be7 13. fxe6 fxe6 14. Ne1 Rf8 15. Qh5+ g6 16. Qxh7 Rxf1+ 17. Kxf1 Nf8 18. Qh3 a4 19. cxb4 cxd4 20. b5 dxe3 21. bxa6 Qb6 22. Nd3 Qxa6 23. Qxe3 Nxe5 24. Qxe5 Qxd3+ 25. Qe2 Qd4 26. Nd2 Qxb2 27. Rb1 Qxa2 28. g3 a3 29.
Rb8+ Kf7 30. Qf3+ Kg7 31. Qc3+ Kf7 32. Rb7 d4 33. Qf3+ Ke8 34. Rb8+ Kd7 35. Qb7+ Kd6 36.
Qb4+ Ke5 37. Nf3+ Ke4 38. Qxd4+ Kxf3 39. Qf4# 1-0

[Event "*** Titled Tuesday Blitz"]
[Site "Chess.com"]
[Date "2020.05.05"]
[Round "3"]
[White "BocharovD"]
[Black "Tashik"]
[Result "1-0"]
[WhiteElo "2883"]
[BlackElo "2461"]
[TimeControl "180+1"]
[EndTime "10:29:28 PDT"]
[Termination "BocharovD won on time"]

1. c4 e6 2. Nf3 d5 3. e3 Nf6 4.
b3 c5 5. Bb2 Nc6 6. cxd5 exd5 7.
Be2 Be7 8. O-O O-O 9. d4 b6 10.
Nc3 Be6 11. Rc1 Rc8 12. Ba6 Rc7 13. Be2 Ne4 14. dxc5 Nxc3 15. Bxc3 bxc5 16. Qd2 f6 17. Rfd1 Qb8 18. Ne1 Rd8 19. Bb2 Nb4 20. Ba1 a5 21. Nd3 Bf7 22. h4 Qa7 23. h5 h6 24. Nf4 a4 25. a3 Nc6 26. bxa4 Qxa4 27. Bg4 Ne5 28. Be6 Nc4 29. Qd3 Qxa3 30. Bxf7+ Kxf7 31. Qf5 Qa6 32. Nxd5 Rcd7 33. e4 Nb6 34. Qg6+ Kf8 35. Re1 Nxd5 36. exd5 1-0